 Dungeon Crawl Stone Soup version 0.19.1 (webtiles) character file.

41572 Monsterracer the Severer (level 13, -17/129 HPs)
             Began as a Minotaur Berserker on Dec 3, 2016.
             Was a High Priest of Trog.
             Demolished by a dire elephant (23 damage)
             ... on level 6 of the Lair of Beasts.
             The game lasted 00:37:20 (15794 turns).

Monsterracer the Severer (Minotaur Berserker)      Turns: 15794, Time: 00:37:21

Health: -17/129    AC: 28    Str: 26    XL:     13   Next: 80%
Magic:  12/12      EV:  9    Int:  4    God:    Trog [*****.]
Gold:   1431       SH:  0    Dex: 16    Spells: 0 memorised, 12 levels left

rFire  + . .     SeeInvis +     y - +3 executioner's axe (protect)
rCold  + . .     Gourm    .     f - +0 plate armour
rNeg   . . .     Faith    .     (shield currently unavailable)
rPois  +         Spirit   .     (helmet restricted)
rElec  +         Reflect  .     N - +0 cloak
rCorr  +         Harm     .     s - +1 pair of gloves
MR     ++...                    h - +0 pair of boots
Stlth  ..........               (no amulet)
                                D - ring of poison resistance
                                E - ring of see invisible

@: mighty, resistant, protection aura, mesmerised, very slightly contaminated,
regenerating, invisible
A: retaliatory headbutt, horns 2, agile 1, weak 1, subdued magic 1
a: Berserk, Trog's Hand, Brothers in Arms, Burn Spellbooks, Renounce Religion


You were on level 6 of the Lair of Beasts.
You worshipped Trog.
Trog was extremely pleased with you.
You were not hungry.

You visited 2 branches of the dungeon, and saw 17 of its levels.

You collected 1431 gold pieces.

Inventory:

Hand Weapons
 y - a +3 executioner's axe of protection (weapon)
Armour
 f - a +0 plate armour (worn)
 h - a +0 pair of boots (worn)
 o - a +2 cloak
 s - a +1 pair of gloves (worn)
 N - a +0 cloak (worn)
Jewellery
 t - an uncursed ring of ice
 z - an uncursed ring of teleportation
 D - a ring of poison resistance (right hand)
 E - a ring of see invisible (left hand)
 H - the ring "Nico Doij" {rC+ MR- Str-5 Dex+7}
   (You found it on level 2 of the Lair of Beasts)

   [ring of protection from cold]

   It affects your strength (-5).
   It affects your dexterity (+7).
   It protects you from cold.
   It affects your resistance to hostile enchantments.
Wands
 a - a wand of lightning (15/15)
 l - a wand of disintegration (4/24)
 m - a wand of polymorph (5/24)
 q - a wand of disintegration (11/24)
 r - a wand of flame (17/48)
 u - a wand of slowing (34/48)
 x - a wand of lightning (9/15)
 C - a wand of flame (15/48)
 G - a wand of teleportation (6/9)
 I - a wand of slowing (33/48)
 M - a wand of digging (16/24)
 P - a wand of heal wounds (3/9)
Scrolls
 d - 8 scrolls of identify
 e - 2 scrolls of fog
 i - 4 scrolls of blinking
 j - 10 scrolls of remove curse
 A - 2 scrolls of teleportation
 F - a scroll of recharging
 J - a scroll of fear
 K - 4 scrolls of enchant armour
Potions
 g - a potion of invisibility
 p - 9 potions of curing
 w - 6 potions of flight
 O - a potion of haste
 Q - a potion of agility
Comestibles
 b - 2 royal jellies
 c - 16 bread rations
 k - 10 meat rations
 n - 10 slices of pizza
 v - 16 fruits
 R - 7 chunks of flesh


   Skills:
 + Level 16.3 Fighting
 * Level 18.4 Axes
 + Level 13.0 Armour
 - Level 2.1 Dodging


You had 12 spell levels left.
You didn't know any spells.

Dungeon Overview and Level Annotations

Branches:
Dungeon (11/15)            Temple (0/1) D:5            Lair (6/6) D:11
 Shoals (0/4) Lair:4        Snake (0/4) Lair:2        Slime (0/5) Lair:6
    Orc: D:9-12

Altars:
Ashenzari
Gozag
Hepliaklqana
Nemelex Xobeh
Okawaru
Trog
Vehumet
Xom
Yredelemnul
Zin
Jiyva

Shops:
D:4 !   D:8 *


Innate Abilities, Weirdness & Mutations

You reflexively headbutt those who attack you in melee.
You have a pair of horns on your head.
You are agile. (Dex +2)
You are weak. (Str -2)
Your spells are a little easier to cast, but a little less powerful.


Message History

The merfolk avatar chants its luring song.
You feel very mighty all of a sudden. The dire elephant tramples you.
* * * LOW HITPOINT WARNING * * *
You hold your ground!
The dire elephant trunk-slaps you but does no damage.
The merfolk avatar chants its luring song.
You fade into invisibility!
The dire elephant tramples you.
* * * LOW HITPOINT WARNING * * *
You hold your ground!
The dire elephant trunk-slaps you.
* * * LOW HITPOINT WARNING * * *
The merfolk avatar chants its luring song.
You hear a screech!
You are very lightly contaminated with residual magic.
You slash the merfolk avatar!
Your weapon exudes an aura of protection.
The merfolk avatar is lightly wounded.
You slice the dire elephant!! The dire elephant tramples you!!
You die...

....≈≈≈≈≈≈≈≈≈≈≈≈≈≈≈≈ ≈≈≈≈≈≈†≈.
.=.≈≈##≈########.###########≈#≈≈.
...#≈≈#†#≈≈.#8≈≈P≈≈≈≈≈8#8≈≈#≈##..
..#..≈≈≈≈≈≈≈#≈≈≈≈≈≈≈≈≈≈#≈≈≈≈≈≈P..
##≈≈≈≈≈≈≈†≈≈#≈≈≈#≈≈≈≈P≈#≈≈≈≈≈≈≈≈.
#.≈.≈#≈≈≈≈≈#≈≈≈≈≈≈≈≈≈≈#≈≈≈#≈≈#≈.
#P..#≈≈≈≈≈≈.≈#≈[[$$≈≈≈≈≈≈≈≈≈≈#≈.
##..≈≈≈≈≈≈#.≈≈≈[≈≈=≈≈≈≈≈8≈≈≈≈≈..
##.≈≈≈≈≈≈#.≈≈Y@m≈[≈≈≈≈≈8≈≈≈≈≈..
P≈.##≈#≈≈≈#≈≈≈?:}[≈≈≈≈≈≈P#≈##.P
##≈≈ #≈≈P≈≈#≈≈≈≈≈≈≈≈≈≈#≈≈≈#≈≈#≈#
≈≈ ≈≈≈≈≈≈#≈≈≈≈≈≈≈≈≈≈#≈≈≈#≈≈≈≈P
≈≈≈≈≈≈≈#≈≈≈≈≈≈≈≈≈≈#≈≈≈≈≈≈≈..
.##≈≈≈≈≈#.≈≈≈≈≈≈≈≈8# #÷≈#..
#≈####################÷##..
≈≈P≈≈≈≈≈≈≈≈≈ ≈≈≈≈≈≈≈≈÷≈≈.


You could see a dire elephant and a merfolk avatar.

Vanquished Creatures
  Kirke (Lair:6)
  A hydra (Lair:6)
  Erolcha (D:9)
  An ice dragon (Lair:3)
  A catoblepas (Lair:6)
  A queen ant (Lair:2)
  A death yak (Lair:6)
  A sea snake (Lair:6)
  An unseen horror (D:10)
  The ghost of galech the Grappler, a novice TrMo of Dithmenos (D:5)
  2 hill giants
  A lindwurm (Lair:6)
  Pikel (D:8)
  2 manticores
  13 elephants
  A naga mage (Lair:2)
  6 black mambas
  A centaur skeleton (D:10)
  3 spiny frogs
  6 komodo dragons
  3 rime drakes (Lair:6)
  3 polar bears (Lair:6)
  2 hornets (Lair:6)
  7 blink frogs (Lair:6)
  A slime creature (Lair:6)
  7 hippogriffs
  A spriggan (D:9)
  3 wyverns
  3 basilisks
  A vampire (D:9)
  A wraith (D:10)
  29 yaks
  A hungry ghost (D:11)
  3 chaos spawn (D:9)
  3 hogs (Lair:6)
  Grum (D:9)
  5 soldier ants (Lair:2)
  6 nagas (Lair:2)
  12 water moccasins
  2 sky beasts
  4 slaves (D:8)
  3 orc warriors
  An ice beast (D:11)
  8 porcupines
  2 phantoms
  A black bear (Lair:4)
  6 ogres
  15 crocodiles
  10 wolves
  2 centaurs
  10 bullfrogs
  2 scorpions
  9 killer bees
  5 wights (D:9)
  3 electric eels (D:11)
  2 bullfrog zombies
  5 crimson imps
  2 quasits
  3 orc priests
  4 hounds
  2 jellies (D:8)
  2 orc wizards
  3 bullfrog skeletons
  4 iguanas
  6 hell rats (Lair:6)
  13 worker ants
  A killer bee zombie (D:7)
  A hound skeleton (D:9)
  A worker ant zombie (D:5)
  7 gnolls (D:6)
  7 adders
  2 shadow imps
  2 adder skeletons
  A worm (D:4)
  A dart slug (D:4)
  A leopard gecko (D:5)
  23 orcs
  10 bats
  3 giant cockroaches
  3 goblins
  7 hobgoblins
  8 jackals
  4 quokkas
  5 ball pythons
  7 frilled lizards
  3 jackal skeletons
  5 kobolds
  A quokka zombie (D:9)
  7 rats
  2 fungi
  4 plants
383 creatures vanquished.

Vanquished Creatures (collateral kills)
  5 hydras
  2 elephants (Lair:6)
  A komodo dragon (Lair:6)
  A hippogriff (Lair:6)
  2 water moccasins (Lair:6)
11 creatures vanquished.

Vanquished Creatures (others)
  2 humans (Lair:6)
  A blink frog (Lair:6)
  A water moccasin (Lair:6)
  12 fungi
  30 plants (Lair:6)
46 creatures vanquished.

Grand Total: 440 creatures vanquished

Notes
Turn   | Place    | Note
-------+----------+-------------------------------------------
     0 | D:1      | Monsterracer the Minotaur Berserker began the quest for the Orb.
     0 | D:1      | Reached XP level 1. HP: 19/19 MP: 0/0
   108 | D:1      | Reached skill level 4 in Axes
   183 | D:1      | Reached XP level 2. HP: 26/26 MP: 1/1
   336 | D:1      | Reached ** piety under Trog
   540 | D:2      | Reached skill level 5 in Axes
   540 | D:2      | Reached XP level 3. HP: 28/31 MP: 2/2
   812 | D:2      | Found a shattered altar of Ashenzari.
   930 | D:2      | Found a shimmering altar of Xom.
  1259 | D:3      | Reached XP level 4. HP: 39/39 MP: 3/3
  1263 | D:3      | Reached skill level 6 in Axes
  1645 | D:3      | Found a glowing silver altar of Zin.
  1793 | D:4      | Reached XP level 5. HP: 37/45 MP: 4/4
  1808 | D:4      | Reached skill level 7 in Axes
  1809 | D:4      | Found Haodghad's Distillery.
  1884 | D:4      | Noticed an ogre
  1892 | D:4      | Killed an ogre
  1892 | D:4      | Reached skill level 8 in Axes
  1892 | D:4      | Reached XP level 6. HP: 51/51 MP: 5/5
  2141 | D:4      | Reached *** piety under Trog
  2166 | D:4      | Reached skill level 9 in Axes
  2376 | D:5      | Entered Level 5 of the Dungeon
  2438 | D:5      | Found a staircase to the Ecumenical Temple.
  2500 | D:5      | Reached XP level 7. HP: 57/57 MP: 6/6
  2517 | D:5      | Found a sparkling altar of Nemelex Xobeh.
  2646 | D:5      | Noticed galech's ghost (novice TrMo)
  2663 | D:5      | Killed galech's ghost
  2663 | D:5      | Reached skill level 11 in Axes
  2663 | D:5      | Reached XP level 8. HP: 35/64 MP: 7/7
  2827 | D:5      | Found an iron altar of Okawaru.
  2990 | D:5      | Found a bloodstained altar of Trog.
  3219 | D:6      | Found a hazy altar of Hepliaklqana.
  3268 | D:6      | Reached skill level 12 in Axes
  3458 | D:6      | Found a radiant altar of Vehumet.
  3828 | D:7      | Noticed a hippogriff
  3834 | D:7      | Killed a hippogriff
  3835 | D:7      | Reached skill level 13 in Axes
  4120 | D:8      | Reached **** piety under Trog
  4127 | D:8      | Reached XP level 9. HP: 44/70 MP: 8/8
  4141 | D:8      | HP: 2/70 [wyvern (13)]
  4142 | D:8      | Reached skill level 14 in Axes
  4146 | D:8      | HP: 3/70 [worker ant (3)]
  4480 | D:8      | Noticed Pikel
  4495 | D:8      | Killed Pikel
  4685 | D:8      | Reached skill level 15 in Axes
  5274 | D:8      | Found Huisadai's General Store.
  5314 | D:9      | Found an opulent altar of Gozag.
  5392 | D:9      | Gained mutation: Your spells are a little easier to cast, but a little less powerful. [potion of mutation]
  5392 | D:9      | Gained mutation: You are agile. (Dex +2) [potion of mutation]
  5392 | D:9      | Gained mutation: You are weak. (Str -2) [potion of mutation]
  5622 | D:9      | Reached skill level 16 in Axes
  5623 | D:9      | Found a shimmering altar of Xom.
  5681 | D:9      | Reached XP level 10. HP: 79/80 MP: 9/9
  5691 | D:9      | Reached skill level 5 in Fighting
  5799 | D:9      | Noticed Grum
  5811 | D:9      | Killed Grum
  6568 | D:9      | Noticed Erolcha
  6577 | D:9      | Killed Erolcha
  6577 | D:9      | Reached skill level 5 in Armour
  6848 | D:10     | Entered Level 10 of the Dungeon
  7091 | D:10     | Killed an unseen horror
  7226 | D:10     | Noticed a hill giant
  7240 | D:10     | Killed a hill giant
  7298 | D:10     | Reached ***** piety under Trog
  7391 | D:10     | Reached skill level 10 in Fighting
  7397 | D:10     | Reached XP level 11. HP: 79/99 MP: 10/10
  7896 | D:11     | Noticed a hill giant
  7901 | D:11     | Killed a hill giant
  8340 | D:11     | Found a staircase to the Lair.
  8796 | Lair:1   | Entered Level 1 of the Lair of Beasts
  8796 | Lair:1   | Found a basalt altar of Yredelemnul.
  9597 | Lair:2   | Got a crude pewter ring
  9600 | Lair:2   | Identified the ring "Nico Doij" {rC+ MR- Str-5 Dex+7} (You found it on level 2 of the Lair of Beasts)
  9620 | Lair:2   | Found a staircase to the Snake Pit.
 10253 | Lair:2   | Noticed a queen ant
 10279 | Lair:2   | Killed a queen ant
 10962 | Lair:3   | Reached XP level 12. HP: 93/115 MP: 11/11
 11072 | Lair:3   | Reached skill level 10 in Armour
 11446 | Lair:3   | Noticed an ice dragon
 11462 | Lair:3   | Killed an ice dragon
 12412 | Lair:4   | Found a staircase to the Shoals.
 12419 | Lair:4   | Received a gift from Trog
 12857 | Lair:4   | Noticed a five-headed hydra
 12861 | Lair:4   | Killed a seven-headed hydra
 13316 | Lair:5   | Identified a scroll of acquirement
 13352 | Lair:5   | Reached skill level 15 in Fighting
 13449 | Lair:5   | Noticed a four-headed hydra
 13453 | Lair:5   | Killed a four-headed hydra
 14141 | Lair:6   | Entered Level 6 of the Lair of Beasts
 14141 | Lair:6   | Noticed Kirke
 14156 | Lair:6   | Killed Kirke
 14229 | Lair:6   | Noticed a four-headed hydra
 14235 | Lair:6   | Killed a five-headed hydra
 14248 | Lair:6   | Reached XP level 13. HP: 127/127 MP: 12/12
 14249 | Lair:6   | Reached skill level 17 in Axes
 14806 | Lair:6   | Received a gift from Trog
 15096 | Lair:6   | Reached skill level 18 in Axes
 15309 | Lair:6   | Found a viscous altar of Jiyva.
 15309 | Lair:6   | Found a staircase to the Slime Pits.
 15775 | Lair:6   | Noticed a dire elephant
 15793 | Lair:6   | HP: 5/129 [dire elephant (4)]
 15794 | Lair:6   | Demolished by a dire elephant

Skill      XL: |  1  2  3  4  5  6  7  8  9 10 11 12 13 |
---------------+----------------------------------------+-----
Axes           | 4 5 6 8 9 11 13 16 18 | 18.4
Fighting       | 4 10 13 15 16 | 16.3
Armour         | 3 7 9 11 13 | 13.0
Dodging        | |  2.1

Action                   |  1- 3 |  4- 6 |  7- 9 | 10-12 | 13-15 || total
-------------------------+-------+-------+-------+-------+-------++-------
Melee: Hand axe          |    85 |    95 |   245 |       |       ||   425
       Headbutt          |    12 |    17 |    46 |   164 |    35 ||   274
       War axe           |       |       |    24 |   562 |       ||   586
       Executioner's axe |       |       |       |    72 |   186 ||   258
Invok: Berserk           |     1 |     2 |     7 |     7 |     2 ||    19
       Trog's Hand       |       |       |     1 |     1 |     4 ||     6
       Burn Spellbooks   |       |       |       |     5 |       ||     5
       Brothers in Arms  |       |       |       |     3 |     4 ||     7
  Use: Potion            |     6 |     3 |     4 |       |     6 ||    19
       Scroll            |       |       |    12 |    13 |       ||    25
 Stab: Invisible         |     1 |       |     4 |       |       ||     5
       Petrified         |       |       |       |       |     8 ||     8
  Eat: Chunk             |     1 |     8 |    17 |    29 |    11 ||    66
       Beef jerky        |       |       |       |     4 |       ||     4
Armor: Plate armour      |    79 |    44 |   123 |   396 |   223 ||   865
       Animal skin       |     2 |       |       |       |       ||     2
Dodge: Dodged            |    41 |    23 |    63 |   180 |   112 ||   419
